 Dungeon Crawl Stone Soup version 0.17.1-2-g5865329 (webtiles) character file.

82 Grimmtusk the Conjurer (level 4, -2/27 HPs)
             Began as an Octopode Wizard on Jan 14, 2016.
             Slain by a gnoll (7 damage)
             ... on level 2 of the Dungeon.
             The game lasted 00:08:00 (1466 turns).

Grimmtusk the Conjurer (Octopode Wizard)            Turns: 1466, Time: 00:08:02

Health: -2/27      AC:  1    Str:  6    XL:     4   Next: 43%
Magic:  1/8        EV: 12    Int: 21    God:
Gold:   45         SH:  0    Dex: 10    Spells: 3 memorised, 3 levels left

rFire  . . .     SeeInvis .     p - +0 short sword
rCold  . . .     Clarity  .     (no shield)
rNeg   . . .     SustAt   .     a - +0 hat
rPois  .         Gourm    .     (no amulet)
rElec  .         Spirit   .     e - ring of protection from magic
rCorr  .         Warding  .     (no ring)
rMut   .         Stasis   .     (no ring)
MR     +....                    (no ring)
Stlth  +++.......               (no ring)
                                (no ring)
                                (no ring)
                                (no ring)

@: somewhat resistant to hostile enchantments, fairly stealthy
A: almost no armour, amphibious, 8 rings, constrict 8, camouflage 1, gelatinous
body 1
a: no special abilities


You were on level 2 of the Dungeon.
You were hungry.

You visited 1 branch of the dungeon, and saw 2 of its levels.

You collected 45 gold pieces.

Inventory:

Hand Weapons
 i - a +0 dagger
 p - a +0 short sword (weapon)
 q - a +0 spear
 v - a +0 halberd
Missiles
 n - 66 stones (quivered)
Armour
 a - a +0 hat (worn)
Jewellery
 e - a ring of protection from magic (left tentacle)
 t - a +2 ring of protection {unknown}
Scrolls
 f - a scroll of enchant weapon {unknown}
 h - 2 scrolls of remove curse {unknown}
 j - a scroll of random uselessness {unknown}
 k - 2 scrolls of enchant armour {unknown}
 l - a scroll of blinking {unknown}
 m - a scroll of teleportation {unknown}
 r - a scroll of identify {unknown}
Potions
 u - a potion of agility {unknown}
Books
 b - a book of Minor Magic

   Spells                             Type                      Level
   a - Magic Dart                     Conjuration                  1
   b - Blink                          Translocation                2
   c - Call Imp                       Summoning                    2
   d - Repel Missiles                 Charms/Air                   2
   e - Slow                           Hexes                        2
   f - Conjure Flame                  Conjuration/Fire             3
   g - Mephitic Cloud                 Conjuration/Poison/Air       3
 s - an Akashic Record

   Spells                             Type                      Level
   a - Dispersal                      Translocation                6
   b - Malign Gateway                 Summoning/Translocation      7
   c - Disjunction                    Translocation                8
   d - Controlled Blink               Translocation                8
Comestibles
 c - 2 bread rations
 d - 4 chunks of flesh
 g - 3 meat rations
 o - a slice of pizza


   Skills:
 - Level 0.2 Fighting
 - Level 0.2 Short Blades
 - Level 2.0 Dodging
 - Level 2.6 Stealth
 - Level 0.2 Unarmed Combat
 - Level 3.0 Spellcasting
 + Level 4.0 Conjurations
   Level 1.0 Summonings
 + Level 1.0 Translocations


You had 3 spell levels left.
You knew the following spells:

 Your Spells              Type           Power        Failure   Level  Hunger
a - Magic Dart            Conj           ###.         2%          1    None
b - Blink                 Tloc           N/A          14%         2    ##.....
c - Mephitic Cloud        Conj/Pois/Air  #.......     24%         3    ###....


Dungeon Overview and Level Annotations

Branches:
Dungeon (2/15)

Altars:


Innate Abilities, Weirdness & Mutations

You cannot wear most types of armour.
You are amphibious.
You can wear up to eight rings at the same time.
You can use your tentacles to constrict eight enemies at once.
Your skin changes colour to match your surroundings (Stealth).
Your rubbery body absorbs attacks (AC +1).


Message History

The gnoll is heavily wounded.
Casting: Magic Dart
Confirm with . or Enter, or press ? or * to list all spells.
You don't have enough magic to cast that spell.
The gnoll shouts!
You hit the gnoll but do no damage. You grab the gnoll.
You constrict the gnoll, but do no damage.
The gnoll hits you!
You hit the gnoll.
The gnoll is lightly wounded.
You constrict the gnoll.
The gnoll hits you from afar with a spear!
The gnoll barely misses you.
You hit the gnoll.
The gnoll is heavily wounded.
You constrict the gnoll.
The gnoll hits you from afar with a spear.
* * * LOW HITPOINT WARNING * * *
The gnoll hits you!
You die...

### ###
#.#############.##
#..........gg....#
#.#############g##
#.# #g# #.# #.#
##g#############@##
.#.#..)........g..#
.#.#.##############
.#...........
.###.########
.###)#######
............
.###g####### .# #.#


You could see 3 gnolls.

Vanquished Creatures
  5 gnolls
  An ooze (D:1)
  2 bats (D:1)
  A giant cockroach (D:1)
  9 goblins
  3 hobgoblins (D:1)
  2 kobolds (D:1)
  2 giant geckos (D:1)
  2 giant newts (D:1)
  3 rats
30 creatures vanquished.

Notes
Turn   | Place    | Note
--------------------------------------------------------------
     0 | D:1      | Grimmtusk the Octopode Wizard began the quest for the Orb.
     0 | D:1      | Reached XP level 1. HP: 11/11 MP: 4/4
   285 | D:1      | Reached XP level 2. HP: 17/17 MP: 0/6
   629 | D:1      | Reached XP level 3. HP: 21/21 MP: 3/7
  1232 | D:2      | Learned a level 2 spell: Blink
  1236 | D:2      | Learned a level 3 spell: Mephitic Cloud
  1375 | D:2      | Reached XP level 4. HP: 27/27 MP: 1/8
  1436 | D:2      | Reached skill level 4 in Conjurations
  1466 | D:2      | Slain by a gnoll

Action                   |  1- 3 |  4- 6 || total
-------------------------+-------+-------++-------
Melee: Unarmed           |     9 |       ||     9
       Dagger            |     2 |       ||     2
       Spear             |     3 |     2 ||     5
       Short sword       |       |     3 ||     3
 Cast: Magic Dart        |    58 |    11 ||    69
 Stab: Sleeping          |     2 |       ||     2
  Eat: Chunk             |     1 |       ||     1
